 Dungeon Crawl Stone Soup version 0.31.0-11-ge490571c62 (webtiles) character file.

Game seed: 15036849082714833048

25 qw the Shooter (level 2, -1/16 HPs)
             Began as a Deep Elf Hunter on Feb 3, 2024.
             Succumbed to their own poison gas
             ... on level 1 of the Dungeon.
             The game lasted 00:00:01 (853 turns).

qw the Shooter (Deep Elf Hunter)                     Turns: 853, Time: 00:00:02

Health: -1/16      AC:  3    Str:  8    XL:     2   Next: 86%
Magic:  4/4        EV: 12    Int: 13    God:
Gold:   89         SH:  0    Dex: 18    Spells: 1/1 levels left

rFire   . . .        a - +0 shortbow
rCold   . . .        (shield currently unavailable)
rNeg    . . .        c - +0 leather armour
rPois   .            (no helmet)
rElec   .            (no cloak)
rCorr   .            (no gloves)
SInv    .            (no boots)
Will    .....        (no amulet)
Stlth   ++           (no ring)
HPRegen 0.22/turn    (no ring)
MPRegen 0.09/turn

%: no passive effects
@: lethally poisoned (-1 -> -11)
A: no striking features
a: no special abilities


You were on level 1 of the Dungeon.
You visited 1 branch of the dungeon, and saw 1 of its levels.

You collected 89 gold pieces.


   Skills:
 - Level 1.5 Fighting
 + Level 6.5 Ranged Weapons
 - Level 2.4 Dodging
 - Level 1.2 Stealth


You had one spell level left.
You didn't know any spells.
Your spell library was empty.

Inventory:

Hand Weapons
 a - a +0 shortbow (weapon)
Armour
 c - a +0 leather armour (worn)
Potions
 e - a potion of enlightenment

Dungeon Overview and Level Annotations

Branches:
Dungeon (1/15)

Altars:


Message History

Done exploring.
845 ||| DRINKING 2 fizzy ruby potions.
It was a potion of curing.
You feel better.
Done exploring.
846 ||| DROPPING scroll of butterflies.
You drop a scroll of butterflies.
Done exploring.
847 ||| DROPPING potion of magic.
You drop a potion of magic.
Done exploring.
What level of the Dungeon? (default 1, ? - help) Sorry, I don't know how to get there.
Enter note:
Enter note:
Enter note:
Enter note:
Enter note:
Enter note:
Enter note:
Enter note:
Enter note:
Enter note:
Enter note:
Enter note: You are engulfed in poison gas.
You are lethally poisoned!
You feel very sick.
849 ||| Stepping ~*~*~tactically~*~*~ (cloud).
You feel very sick.
Things that are here:
a potion of magic; a scroll of butterflies
850 ||| DRINKING potion of curing.
You feel better.
850 ||| (to cure poison)
You are engulfed in poison gas.
You are lethally poisoned!
Ouch! That really hurt!
You feel very sick.
852 ||| Stepping ~*~*~tactically~*~*~ (cloud).
You feel very sick.
Things that are here:
a potion of magic; a scroll of butterflies
There is a lethal amount of poison in your body!
You die...

.......##.##.##.#
..####.##.##.##.#
.......##.##.##.#
#.#######.......#
#'## ####.####
...## #0#### ....##
##.¤0¤## .....##
##.###00##
......####...##0@0#
......+.......¤000#
......####...¤¤#00#
.....#.....#¤¤0#0¤#
.......#...#0###¤##
...#...#.###¤...¤#
...#.###...0.#.###
.###.....#...#.#
.....#...#.###.#


There were no monsters in sight!

Vanquished Creatures
  A dart slug (D:1)
  A ball python (D:1)
  3 bats (D:1)
  3 endoplasms (D:1)
  A giant cockroach (D:1)
  3 hobgoblins (D:1)
  A kobold (D:1)
  A frilled lizard (D:1)
  4 goblins (D:1)
  2 rats (D:1)
20 creatures vanquished.

Notes
Turn   | Place    | Note
-------+----------+-------------------------------------------
     0 | D:1      | qw the Deep Elf Hunter began the quest for the Orb.
     0 | D:1      | Reached XP level 1. HP: 12/12 MP: 3/3
     0 | D:1      | 0 ||| qw: Version: 0.3-a-157-g843a77d
     0 | D:1      | 0 ||| qw: Game counter: 3901
     0 | D:1      | 0 ||| qw: Melee chars always use a shield: true
     0 | D:1      | 0 ||| qw: God list: Okawaru
     0 | D:1      | 0 ||| qw: Allow faded altars: false
     0 | D:1      | 0 ||| qw: Do Orc after clearing Dungeon:15 true
     0 | D:1      | 0 ||| qw: Do second Lair branch before Depths: true
     0 | D:1      | 0 ||| qw: Lair rune preference: random
     0 | D:1      | 0 ||| qw: Goals: Normal
     0 | D:1      | 0 ||| PLANNING D:1-11
   165 | D:1      | Reached XP level 2. HP: 15/16 MP: 4/4
   167 | D:1      | Reached skill level 6 in Ranged Weapons
   842 | D:1      | 842 ||| READING 2 scrolls labelled DAZXERO AXTOIX.
   842 | D:1      | 842 ||| IDENTIFYING murky ruby potion
   843 | D:1      | 843 ||| READING scroll of identify.
   843 | D:1      | 843 ||| IDENTIFYING sedimented white potion
   844 | D:1      | 844 ||| READING scroll labelled LAINEGRAZY.
   845 | D:1      | 845 ||| DRINKING 2 fizzy ruby potions.
   846 | D:1      | 846 ||| DROPPING scroll of butterflies.
   847 | D:1      | 847 ||| DROPPING potion of magic.
   849 | D:1      | 849 ||| Stepping ~*~*~tactically~*~*~ (cloud).
   850 | D:1      | 850 ||| DRINKING potion of curing.
   850 | D:1      | 850 ||| (to cure poison)
   852 | D:1      | 852 ||| Stepping ~*~*~tactically~*~*~ (cloud).
   852 | D:1      | HP: 2/16 [poisoned by you (poison gas)]
   853 | D:1      | Succumbed to their own poison gas

Levels and vault maps discovered:
D:1:      erik_arrival_orb_chamber, layout_loops_corners,
          hangedman_decor_points, minmay_tripent

Skill      XL: |  1  2 |
---------------+-------+-----
Ranged Weapons | 6 |  6.5
Fighting       | |  1.5
Dodging        | |  2.4
Stealth        | |  1.2

Action                     || total
---------------------------++-------
   Fire: Shortbow          ||    46
    Use: Scroll            ||     3
         Potion            ||     2
 Armour: Leather armour    ||     4
  Dodge: Dodged            ||     5

Table legend:
 A = Non-vault XP
 B = Vault XP
 C = Vault XP percentage of total XP
 D = Non-vault monster count
 E = Vault monster count
 F = Vault count percentage of total count
                 A         B        C        D         E       F
            +---------+---------+-------+---------+---------+-------
      Total |      33 |       4 |  10.8 |      18 |       2 |  10.0
            +---------+---------+-------+---------+---------+-------
        D:1 |      33 |       4 |  10.8 |      18 |       2 |  10.0
            +---------+---------+-------+---------+---------+-------
